 Dungeon Crawl Stone Soup version 0.17-a0-1-g1f4be75 (webtiles) character file.

619 vatarom the Insei (level 7, 0/61 HPs)
             Began as a Yellow Draconian Transmuter on Mar 8, 2015.
             Slain by a wasp (5 damage)
             ... on level 5 of the Dungeon.
             The game lasted 00:10:38 (3820 turns).

vatarom the Insei (Yellow Draconian Transmuter)     Turns: 3820, Time: 00:10:38

Health: 0/61       AC:  7    Str: 10    XL:     7   Next: 21%
Magic:  13/14      EV: 12    Int: 15    God:
Gold:   156        SH:  0    Dex: 12    Spells: 4 memorised, 2 levels left

rFire  . . .     SeeInvis .       - Unarmed
rCold  + . .     Clarity  +     (armour unavailable)
rNeg   . . .     SustAb   .     (no shield)
rPois  .         Gourm    .     (helmet restricted)
rElec  .         Spirit   .     i - +0 cloak
rCorr  +         Warding  .     (no gloves)
rMut   .         Stasis   .     (no boots)
MR     .....                    h - amulet of clarity
Stlth  +.........               (no ring)
                                c - ring of protection from cold

@: lethally poisoned (0 -> -4), short of breath, appendage, slowed, very slow,
not resistant to hostile enchantments, very unstealthy
A: spit acid, acid resistance, unfitting armour, horns 2, spit poison 1, weak 1,
cold-blooded, placid magic 1, AC +6
a: Spit Poison, Spit Acid, End Transformation


You were on level 5 of the Dungeon.
You were not hungry.
You had grown temporary horns.
You visited 1 branch of the dungeon, and saw 5 of its levels.

You collected 156 gold pieces.

Inventory:

Missiles
 b - 30 arrows
 t - 14 arrows of flame
Armour
 i - a +0 cloak (worn)
Jewellery
 c - a ring of protection from cold (left hand)
 h - an amulet of clarity (around neck)
Magical devices
 g - a wand of slowing (4)
 m - a wand of confusion (12)
 q - a wand of magic darts (24)
 r - a wand of random effects (39)
Scrolls
 e - 2 scrolls of remove curse
 j - a scroll of teleportation
 k - 6 scrolls of identify
Potions
 o - 2 potions of magic
 s - a potion of restore abilities
Books
 d - a book of Changes

   Spells                             Type                      Level
   a - Beastly Appendage              Transmutation                1
   b - Sticks to Snakes               Transmutation                2
   c - Spider Form                    Transmutation/Poison         3
   d - Ice Form                       Ice/Transmutation            4
   e - Blade Hands                    Transmutation                5
Comestibles
 a - 3 bread rations
 f - 5 beef jerkies
 p - 2 meat rations


   Skills:
 - Level 5.0 Fighting
 - Level 1.7 Dodging
 - Level 5.4 Unarmed Combat
 + Level 3.0 Spellcasting
 - Level 4.0 Transmutations


You had 2 spell levels left.
You knew the following spells:

 Your Spells              Type           Power        Failure   Level  Hunger
a - Beastly Appendage     Trmt           #.....       1%          1    #......
b - Sticks to Snakes      Trmt           #.........   3%          2    ##.....
c - Spider Form           Trmt/Pois      #.........   17%         3    ###....
d - Ice Form              Ice/Trmt       #.......     77%         4    #####..


Dungeon Overview and Level Annotations

Branches:
Dungeon (5/15)
 Temple: D:4-7

Altars:
Fedhas
Gozag


Innate Abilities, Weirdness & Mutations

You can spit globs of acid.
You can corrode armour when you spit acid.
You are resistant to acid.
Your golden yellow scales are hard (AC +6).
Your body does not fit into most forms of armour.
Your cold-blooded metabolism reacts poorly to cold.
You have a pair of horns on your head.
You can spit poison.
You are weak. (Str -2)
Your spells are a little easier to cast, but a little less powerful.


Message History

The crimson imp hits you but does no damage.
You can move again.
Casting: Beastly Appendage
Confirm with . or Enter, or press ? or * to list all spells.
You extend your transformation's duration.
The wasp stings you.
* * * LOW HITPOINT WARNING * * *
You are poisoned.
You feel as though you will be slow longer.
The rat closely misses you. The wasp stings you.
* * * LOW HITPOINT WARNING * * *
You feel as though you will be slow longer.
The crimson imp closely misses you. The rat closely misses you.
The wasp closely misses you.
You barely miss the wasp. Your headbutt misses the wasp.
The wasp is almost dead.
You feel sick. The wasp closely misses you. The crimson imp hits you.
* * * LOW HITPOINT WARNING * * *
The rat closely misses you. The wasp stings you.
You die...

#♣♣ ♣♣ . #.# . ..
#.#.# ...# #.#.###...#
#.....#... #########.#
#.#.#.# ....g......#
#y....#
#####....###@#.#
#.#.#...r5#.#
#...........#.#
...#.#.#.....#.#####..
###
##...##............
##.........#......
##..........####
....###.##### .... ..#


You could see a wasp, a crimson imp and a rat.

Vanquished Creatures
  Eustachio (D:4)
  An ice beast (D:5)
  Sigmund (D:2)
  2 orc priests (D:4)
  2 orc wizards
  Ijyb (D:2)
  Terence (D:2)
  2 adders (D:2)
  2 worms (D:2)
  13 orcs
  A bat skeleton (D:4)
  A bat zombie (D:5)
  6 giant cockroaches
  8 goblins
  7 hobgoblins
  16 jackals
  3 quokkas
  A ball python (D:2)
  4 bats
  A giant gecko zombie (D:5)
  4 giant newts
  8 kobolds
  8 rats
94 creatures vanquished.

Vanquished Creatures (collateral kills)
  An ogre (D:4)
1 creature vanquished.

Grand Total: 95 creatures vanquished

Notes
Turn   | Place    | Note
--------------------------------------------------------------
     0 | D:1      | vatarom, the Draconian Transmuter, began the quest for the Orb.
     0 | D:1      | Reached XP level 1. HP: 16/16 MP: 3/3
   245 | D:1      | Reached XP level 2. HP: 21/24 MP: 2/4
   825 | D:2      | Reached XP level 3. HP: 22/31 MP: 3/6
   839 | D:2      | Learned a level 2 spell: Sticks to Snakes
   843 | D:2      | Learned a level 3 spell: Spider Form
  1060 | D:2      | Gained mutation: You are weak. (Str -2) [potion of mutation]
  1060 | D:2      | Gained mutation: Your spells are a little easier to cast, but a little less powerful. [potion of mutation]
  1060 | D:2      | Gained mutation: You can spit poison. [potion of mutation]
  1073 | D:2      | Noticed Terence
  1079 | D:2      | Killed Terence
  1354 | D:2      | Noticed Sigmund
  1370 | D:2      | Killed Sigmund
  1370 | D:2      | Reached XP level 4. HP: 2/40 MP: 1/7
  1595 | D:2      | Noticed Ijyb
  1621 | D:2      | Killed Ijyb
  1621 | D:2      | Reached skill level 4 in Fighting
  1621 | D:2      | Reached XP level 5. HP: 21/46 MP: 5/9
  2451 | D:3      | Found an opulent altar of Gozag.
  2820 | D:4      | Noticed Eustachio
  2843 | D:4      | Killed Eustachio
  2843 | D:4      | Reached skill level 5 in Fighting
  2843 | D:4      | Reached XP level 6. HP: 42/56 MP: 4/10
  2935 | D:4      | Reached skill level 5 in Unarmed Combat
  3154 | D:4      | Noticed an ogre
  3174 | D:4      | Killed an ogre
  3339 | D:4      | Your scales start taking on a golden yellow colour.
  3339 | D:4      | Reached XP level 7. HP: 53/61 MP: 8/12
  3455 | D:4      | Found a blossoming altar of Fedhas.
  3522 | D:5      | Entered Level 5 of the Dungeon
  3563 | D:5      | Learned a level 4 spell: Ice Form
  3818 | D:5      | Paralysed by a wasp for 1 turns
  3820 | D:5      | Slain by a wasp

Action                   |  1- 3 |  4- 6 |  7- 9 || total
-------------------------+-------+-------+-------++-------
Melee: Unarmed           |   135 |   178 |    51 ||   364
 Cast: Beastly Appendage |    10 |     2 |     3 ||    15
       Spider Form       |     2 |     9 |     2 ||    13
       Sticks to Snakes  |       |     3 |       ||     3
 Abil: Spit Poison       |     2 |     3 |     4 ||     9
       Spit Acid         |       |       |     2 ||     2
Evoke: Wand              |       |     1 |       ||     1
  Use: Scroll            |     5 |     1 |     2 ||     8
       Potion            |     5 |     3 |     5 ||    13
 Stab: Invisible         |     2 |       |       ||     2
  Eat: Meat ration       |     2 |       |       ||     2
       Bread ration      |       |     1 |       ||     1
